 Dungeon Crawl Stone Soup version 0.30-a0-782-ge64f9170bb (webtiles) character file.

Game seed: 11942152856716096332

64 senseless the Chopper (level 3, -2/28 HPs)
             Began as a Demonspawn Gladiator on Mar 10, 2023.
             Slain by a quokka (4 damage)
             ... on level 2 of the Dungeon.
             The game lasted 00:02:26 (1313 turns).

senseless the Chopper (Demonspawn Gladiator)        Turns: 1313, Time: 00:02:27

Health: -2/28      AC:  5    Str: 15    XL:     3   Next: 91%
Magic:  3/3        EV: 13    Int: 13    God:
Gold:   66         SH:  0    Dex: 15    Spells: 2/2 levels left

rFire   . . .      SeeInvis .    a - +0 war axe
rCold   . . .      Faith    .    (no shield)
rNeg    . . .      Spirit   .    b - +0 leather armour
rPois   .          Reflect  .    c - +0 helmet
rElec   .          Harm     .    (no cloak)
rCorr   .          Rampage  .    (no gloves)
Will    +....                    (no boots)
Stlth   ++                       (no amulet)
HPRegen 0.24/turn                (no ring)
MPRegen 0.08/turn                (no ring)

@: attractive
A: sturdy frame 1, weakness stinger 1, thin skeletal structure 1, clever 1,
strong-willed 1, shaggy fur 1
a: no special abilities


You were on level 2 of the Dungeon.
You visited 1 branch of the dungeon, and saw 2 of its levels.

You collected 66 gold pieces.

Inventory:

Hand Weapons
 a - a +0 war axe (weapon)
 j - a +1 dagger of draining
Missiles
 d - 3 throwing nets (quivered)
 e - a javelin
Armour
 b - a +0 leather armour (worn)
 c - a +0 helmet (worn)
Jewellery
 h - a ring of wizardry
Scrolls
 i - a scroll of fear {unknown}


   Skills:
 + Level 2.6 Fighting
 + Level 3.2 Axes
 + Level 2.4 Throwing
 + Level 3.2 Dodging


You had 2 spell levels left.
You didn't know any spells.
Your spell library contained the following spells:

 Spells                   Type           Power      Damage    Failure   Level
 Magic Dart               Conj           0%         1d3       32%         1
 Call Imp                 Summ           0%         N/A       43%         2
 Cigotuvi's Dreadful Rot  Necr/Pois/Air  0%         N/A       43%         2
 Poisonous Vapours        Pois/Air       0%         N/A       43%         2
 Mephitic Cloud           Conj/Pois/Air  0%         N/A       67%         3


Dungeon Overview and Level Annotations

Branches:
Dungeon (2/15)

Altars:

Annotations:
D:2 Robin


Innate Abilities, Weirdness & Mutations

Your movements are slightly less encumbered by armour. (ER -2)
You have a small tail.
You have a somewhat thin skeletal structure. (Dex +2, Stealth+)
Your mind is acute. (Int +4, Str/Dex -1)
You are strong-willed. (Will+)
You are covered in fur. (AC +1)


Message History

* * * LOW HITPOINT WARNING * * *
You completely miss the goblin. You barely miss the hobgoblin.
The goblin completely misses you. The hobgoblin barely misses you.
You closely miss the goblin.
Your tail-slap misses the goblin.
You hit the hobgoblin.
You kill the hobgoblin!
Robin roars a battlecry!
The goblins go into a battle-frenzy!
The goblin closely misses you.
You barely miss the goblin. You punch the goblin.
The goblin is heavily wounded.
You hit the quokka. The quokka bites you.
* * * LOW HITPOINT WARNING * * *
The goblin barely misses you. The quokka misses you.
The goblin closely misses you.
You hit the goblin.
You kill the goblin!
You barely miss the quokka.
The quokka bites you but does no damage.
The quokka closely misses you.
You miss the quokka.
The quokka is severely wounded.
The quokka bites you.
* * * LOW HITPOINT WARNING * * *
Things that are here:
a +0 dagger; a +0 sling; a +0 club The quokka bites you.
* * * LOW HITPOINT WARNING * * *
The quokka attacks as you move away! The quokka bites you.
* * * LOW HITPOINT WARNING * * *
The quokka attacks as you move away!
The quokka bites you but does no damage.
It was a potion of mutation.
You feel extremely strange.
You feel strong-willed. Fur sprouts all over your body.
Your bones become slightly less dense.
You feel clever. The quokka misses you.
It was a potion of attraction.
You feel attractive to monsters. The quokka bites you.
You die...

....#.##.# ##### ...
....#.##.# #...# ....
....#.##.# #...# .....
....#.##.###...#####g.....
....#............g.gg:....
....####.#####..g####.....
.......#.###...#g# .....
.......#.....###r# #..# #
...##..........#@# #..#
.>.............#.# #..#
#.#######......#.####..#
#.#....##......#.......#
#.#....#......['.......# #.
#......#.......#.......# ##...
.......#.......#.......###...#
#.#....#.......#.)...###...#
..........######.........#


You could see Robin, a quokka and 2 hobgoblins.

Vanquished Creatures
  A gnoll (D:1)
  4 dart slugs
  2 bats
  5 endoplasms
  6 goblins
  5 hobgoblins (D:2)
  4 jackals (D:1)
  4 quokkas
  2 ball pythons
  2 frilled lizards
  2 kobolds (D:1)
  5 rats (D:1)
42 creatures vanquished.

Notes
Turn   | Place    | Note
-------+----------+-------------------------------------------
     0 | D:1      | senseless the Demonspawn Gladiator began the quest for the
                  | Orb.
     0 | D:1      | Reached XP level 1. HP: 16/16 MP: 1/1
    49 | D:1      | Gained mutation: You have a small tail. [demonic ancestry]
    49 | D:1      | Reached XP level 2. HP: 18/22 MP: 2/2
   249 | D:1      | Found a faded altar of an unknown god.
   253 | D:1      | Gained mutation: Your movements are slightly less
                  | encumbered by armour. (ER -2) [demonic ancestry]
   253 | D:1      | Reached XP level 3. HP: 18/28 MP: 3/3
  1287 | D:2      | Noticed Robin
  1309 | D:2      | HP: 1/28 [quokka (4)]
  1312 | D:2      | Gained mutation: You are strong-willed. (Will+) [potion of
                  | mutation]
  1312 | D:2      | Gained mutation: You are covered in fur. (AC +1) [potion of
                  | mutation]
  1312 | D:2      | Gained mutation: You have a somewhat thin skeletal
                  | structure. (Dex +2, Stealth+) [potion of mutation]
  1312 | D:2      | Gained mutation: Your mind is acute. (Int +4, Str/Dex -1)
                  | [potion of mutation]
  1313 | D:2      | Slain by a quokka

Illustrated notes

Levels and vault maps discovered:
D:1:      giann_horns, layout_basic, shapermc_ecumenical_altar_mp_highgroup
D:2:      minmay_skewed_foursquare, layout_basic, uniq_robin

Skill      XL: |  1  2 |
---------------+-------+-----
Throwing       | 2 |  2.4
Axes           | 3 |  3.2
Dodging        | 3 |  3.2
Fighting       | |  2.6

Action                     || total
---------------------------++-------
  Melee: War axe           ||    93
         Tailslap          ||     6
         Punch             ||     2
    Use: Potion            ||     2
         Scroll            ||     1
   Stab: Sleeping          ||     3
 Armour: Leather armour    ||    22
  Dodge: Dodged            ||    70

Table legend: (Time is in decaauts)
 A = Elapsed time spent in this place.
 B = Non-inter-level travel time spent in this place.
 C = Inter-level travel time spent in this place.
 D = Time resting spent in this place.
 E = Time spent auto-exploring this place.
 F = Levels seen in this place.
 G = Mean time per level.
                   A        B        C        D        E       F      G
               +--------+--------+--------+--------+--------+-----+--------+
         Total |   1345 |   1331 |     14 |      0 |   1070 |   2 |  672.5 |
       Dungeon |   1345 |   1331 |     14 |      0 |   1070 |   2 |  672.5 |
               +--------+--------+--------+--------+--------+-----+--------+

Top non-repeatable levels by time:
     D:1: 1003 daAuts
     D:2: 342 daAuts
